[Event "ESCC Women 65 2019"]
[Site "Halkidik"]
[Date "2019.04.06"]
[Round "1.1"]
[White "Sinchurina, Tatiana"]
[Black "Podlovna, Stella"]
[Result "1-0"]
[ECO "A76"]
[WhiteElo "1967"]
[BlackElo "1599"]
[Annotator "NA RC"]
[PlyCount "113"]
[EventDate "2019.04.06"]
[EventType "swiss"]
[EventCountry "GRE"]
[SourceTitle "playchess.com"]
[Source "ChessBase"]
[SourceQuality "1"]
[TimeControl "40/5400+30:1800+30"]

1. d4 Nf6 2. c4 e6 3. Nc3 c5 4. d5 exd5 5. cxd5 d6 6. e4 a6 7. a4 g6 8. Be2 Bg7 9. Nf3 O-O 10. O-O Re8 11. Qc2 Bg4 12. h3 Bxf3 13. Bxf3 Nbd7 14. a5 Qc7 15. Be3 Rab8 16. Rfc1 b5 17. axb6 Rxb6 18. Be2 Nb8 19. Ra4 Qb7 20. Rb1 Rb4 21. f3 Nfd7 22. Rxb4 cxb4 23. Na4 f5 24. Rc1 fxe4 25. fxe4 Nf6 26. Bd3 Qe7 27. Bf2 Nbd7 28. Re1 Nh5 29. Bxa6 Be5 30. Qd1 Rf8 31. Qg4 Rxf2 32. Kxf2 Bg3+ 33. Ke2 Nf4+ 34. Kd1 Bxe1 35. Qxf4 Bh4 36. Qg4 Nf8 37. Kc2 Bf6 38. Kb3 Qa7 39. Bb5 Qe3+ 40. Kxb4 Bxb2 41. Nxb2 Qc5+ 42. Ka4 Qc2+ 43. Ka3 Qc5+ 44. Kb3 Qxb5+ 45. Kc3 Qa5+ 46. Kc2 Qc5+ 47. Kb1 Qg1+ 48. Nd1 Qb6+ 49. Kc2 Kg7 50. Nc3 Qc7 51. Qh4 h6 52. e5 dxe5 53. Qb4 Qd7 54. g4 Nh7 55. Qb8 Nf6 56. Qxe5 Kf7 57. Kd3 1-0

[Event "ESCC Women 65 2019"]
[Site "Halkidik"]
[Date "2019.04.06"]
[Round "1.4"]
[White "Burchardt, Brigitte"]
[Black "Ristoja, Aulikki"]
[Result "0-1"]
[ECO "B01"]
[WhiteElo "2136"]
[BlackElo "1551"]
[Annotator "NA"]
[PlyCount "31"]
[EventDate "2019.04.06"]
[EventType "swiss"]
[EventCountry "GRE"]
[SourceTitle "playchess.com"]
[Source "ChessBase"]
[SourceQuality "1"]
[TimeControl "40/5400+30:1800+30"]

1. e4 d5 2. exd5 Qxd5 3. Nc3 Qa5 4. d4 c6 5. Nf3 Bg4 6. Be2 Nf6 7. O-O Nbd7 8. h3 Bxf3 9. Bxf3 e6 10. Bf4 Nd5 11. Nxd5 cxd5 12. c4 dxc4 13. Bxb7 Rd8 14. d5 Bc5 15. dxe6 Ne5 16. exf7+ 0-1

[Event "ESCC Women 65 2019"]
[Site "Halkidik"]
[Date "2019.04.06"]
[Round "1.5"]
[White "Khmiadashvili, Tamar"]
[Black "Kabanova, Irina"]
[Result "1-0"]
[ECO "D05"]
[WhiteElo "1976"]
[BlackElo "1816"]
[Annotator "NA RC"]
[PlyCount "97"]
[EventDate "2019.04.06"]
[EventType "swiss"]
[EventCountry "GRE"]
[SourceTitle "playchess.com"]
[Source "ChessBase"]
[SourceQuality "1"]
[TimeControl "40/5400+30:1800+30"]

1. Nf3 Nf6 2. d4 e6 3. Nbd2 d5 4. e3 c5 5. Bb5+ Bd7 6. Be2 Nc6 7. Ne5 Qc7 8. Nxd7 Nxd7 9. Nf3 Nf6 10. O-O Be7 11. c4 O-O 12. cxd5 Nxd5 13. dxc5 Bxc5 14. Qc2 Be7 15. Bd2 Rac8 16. Qe4 Bf6 17. Rab1 Qe7 18. Qa4 Nb6 19. Qb3 Rfd8 20. Rfd1 h6 21. a4 Ne5 22. a5 Nbc4 23. Bb4 Nxf3+ 24. gxf3 Qc7 25. Rxd8+ Bxd8 26. Rc1 b5 27. axb6 Qxb6 28. Rxc4 Rb8 29. Qc2 a5 30. Ba3 Qb7 31. Qe4 Qb5 32. Bd3 Qg5+ 33. Kf1 g6 34. h4 Qf5 35. Qxf5 gxf5 36. Ke2 Bf6 37. Ra4 Bxb2 38. Rxa5 Bxa3 39. Rxa3 Rb2+ 40. Kf1 Kg7 41. f4 Kf6 42. Be2 Rb8 43. Ra7 Re8 44. Bh5 Re7 45. Rxe7 Kxe7 46. Ke2 f6 47. Kd3 e5 48. Bg6 Ke6 49. Kc4 1-0

[Event "ESCC Women 65 2019"]
[Site "Halkidik"]
[Date "2019.04.07"]
[Round "2.1"]
[White "Podlovna, Stella"]
[Black "Kabanova, Irina"]
[Result "1/2-1/2"]
[ECO "D37"]
[WhiteElo "1599"]
[BlackElo "1816"]
[Annotator "NA"]
[PlyCount "54"]
[EventDate "2019.04.06"]
[EventType "swiss"]
[EventCountry "GRE"]
[SourceTitle "playchess.com"]
[Source "ChessBase"]
[SourceQuality "1"]
[TimeControl "40/5400+30:1800+30"]

1. d4 Nf6 2. c4 e6 3. e3 d5 4. Nf3 Be7 5. Bd3 dxc4 6. Bxc4 c5 7. O-O O-O 8. Nc3 a6 9. a4 Nc6 10. b3 Qc7 11. Bb2 Rd8 12. Ne2 Rb8 13. Qc1 Na5 14. Qc2 Nxc4 15. bxc4 b6 16. Ng3 Bb7 17. Ne5 Bd6 18. f4 cxd4 19. Bxd4 Bc5 20. Rfd1 Bxd4 21. exd4 a5 22. Rac1 Rbc8 23. Qb1 Rb8 24. Qa1 Qd6 25. Qc3 Rbc8 26. Qe3 h6 27. Qf2 Qb8 1/2-1/2

[Event "ESCC Women 65 2019"]
[Site "Halkidik"]
[Date "2019.04.09"]
[Round "2.2"]
[White "Ristoja, Aulikki"]
[Black "Khmiadashvili, Tamar"]
[Result "1/2-1/2"]
[ECO "A45"]
[WhiteElo "1551"]
[BlackElo "1976"]
[Annotator "NA"]
[PlyCount "133"]
[EventDate "2019.04.06"]
[EventType "swiss"]
[EventCountry "GRE"]
[SourceTitle "playchess.com"]
[Source "ChessBase"]
[SourceQuality "1"]
[TimeControl "40/5400+30:1800+30"]

1. d4 e6 2. Bf4 Nf6 3. e3 b6 4. Be2 Bb7 5. Bf3 d5 6. Nd2 Bd6 7. Bxd6 Qxd6 8. c3 Nbd7 9. Qc2 e5 10. dxe5 Nxe5 11. h3 O-O 12. O-O-O Nxf3 $15 13. gxf3 Ba6 14. h4 Nh5 15. Nh3 g6 16. Ne4 Qe5 17. Nd2 Qf6 18. f4 Bc8 19. Nf3 Bg4 20. Qe2 Rfe8 21. Rxd5 Bxh3 22. Rxh5 Bg4 23. Rg5 h5 24. Rxg4 hxg4 25. Ne5 Qe6 26. Qxg4 Qxg4 27. Nxg4 Kg7 28. h5 gxh5 29. Rxh5 f6 30. Rh3 Rad8 31. Kc2 Rd6 32. Rg3 Kh7 33. Rh3+ Kg6 34. Rg3 Kf5 35. Nh6+ Ke4 36. Rg7 Rc6 37. Ng4 Rd8 38. Re7+ Kf3 39. Rg7 a5 40. Rg6 Rcd6 41. Kb3 Rf8 42. a4 f5 43. Ne5+ Kxf2 44. Rg7 Re6 45. Nc4 Rxe3 46. Nxe3 Kxe3 47. Rxc7 Kxf4 48. Rc6 Rb8 49. Kc4 Kf3 50. Kb5 f4 51. Rf6 Ke3 52. Ka6 f3 53. Ka7 Re8 54. Kxb6 Rb8+ 55. Kxa5 Rxb2 56. c4 f2 57. c5 Rb1 58. c6 f1=Q 59. Rxf1 Rxf1 60. c7 Rc1 61. Kb6 Kd4 62. a5 Kd5 63. Kb7 Rb1+ 64. Ka7 Rc1 65. Kb8 Rb1+ 66. Ka7 Rc1 67. Kb7 1/2-1/2

[Event "ESCC Women 65 2019"]
[Site "Halkidik"]
[Date "2019.04.07"]
[Round "2.3"]
[White "Sorokina, Tamara"]
[Black "Burchardt, Brigitte"]
[Result "1/2-1/2"]
[ECO "D04"]
[WhiteElo "2051"]
[BlackElo "2136"]
[Annotator "NA"]
[PlyCount "59"]
[EventDate "2019.04.06"]
[EventType "swiss"]
[EventCountry "GRE"]
[SourceTitle "playchess.com"]
[Source "ChessBase"]
[SourceQuality "1"]
[TimeControl "40/5400+30:1800+30"]

1. d4 d5 2. Nf3 Nf6 3. e3 Bf5 4. Be2 h6 5. O-O Nbd7 6. c4 e6 7. Nc3 Be7 8. Qb3 dxc4 9. Bxc4 Nb6 10. Be2 O-O 11. a3 c6 12. Bd2 Bd6 13. Rfd1 Qe7 14. Be1 $11 Rac8 15. h3 Rc7 16. Bf1 Nfd5 17. Bd3 Bxd3 18. Rxd3 Nxc3 19. Bxc3 Nd5 20. e4 Nxc3 21. Rxc3 Rd7 22. Rd3 Rfd8 23. Rad1 Bb8 24. Qc2 a6 25. g3 Qf6 26. Kg2 Qg6 27. Qe2 Qh5 28. Qc2 Qg6 29. Qe2 Qh5 30. Qc2 1/2-1/2

[Event "ESCC Women 65 2019"]
[Site "Halkidik"]
[Date "2019.04.07"]
[Round "2.4"]
[White "Titorenko, Natalia I"]
[Black "Gaprindashvili, Nona"]
[Result "0-1"]
[ECO "B00"]
[WhiteElo "2153"]
[BlackElo "2294"]
[Annotator "ChessBase"]
[PlyCount "152"]
[EventDate "2019.04.06"]
[EventType "swiss"]
[EventCountry "GRE"]
[SourceTitle "playchess.com"]
[Source "ChessBase"]
[SourceQuality "1"]
[TimeControl "40/5400+30:1800+30"]

1. e4 b6 2. d4 Bb7 3. Bd3 g6 4. Nf3 Bg7 5. h4 h5 6. Qe2 c5 7. c3 cxd4 8. Nxd4 a6 9. Nd2 d6 10. N2f3 Nd7 11. Bc4 Qc8 12. a4 Ngf6 13. Ng5 O-O 14. Ndf3 d5 15. exd5 Bxd5 16. Bxd5 Nxd5 17. O-O e6 18. Nh3 Qc6 19. Be3 Nxe3 20. Qxe3 Nc5 21. Nd4 Qd7 22. Rfd1 Rfd8 23. Qf3 Qe8 24. a5 b5 25. Ng5 Rd5 26. Ne4 Nxe4 27. Qxe4 Rad8 28. Qf3 Qd7 29. Re1 Bxd4 30. cxd4 Rxd4 31. Re4 Rd1+ 32. Rxd1 Qxd1+ 33. Qxd1 Rxd1+ 34. Kh2 Rd2 35. b4 Rxf2 36. Rd4 Rb2 37. Kh3 Kg7 38. Rd6 Rxb4 39. Rxa6 Rb3+ 40. Kh2 Ra3 41. Ra7 b4 42. a6 b3 43. g3 Ra2+ 44. Kh3 e5 45. Rb7 Rxa6 46. Rxb3 Ra2 47. Rb8 Kf6 48. Rb6+ Kf5 49. Rb7 f6 50. Rb8 Ra5 51. Rb2 e4 52. Rf2+ Ke5 53. Kg2 Rd5 54. Ra2 Rd3 55. Ra5+ Kd4 56. Ra6 Rd2+ 57. Kf1 Ke5 58. Ra5+ Rd5 59. Ra6 Kf5 60. Kg2 Rd2+ 61. Kf1 g5 62. hxg5 fxg5 63. Ra4 Kg4 64. Rxe4+ Kxg3 65. Re3+ Kf4 66. Ra3 h4 67. Kg1 Rd4 68. Kg2 g4 69. Ra2 Re4 70. Rf2+ Kg5 71. Ra2 h3+ 72. Kh2 Kh4 73. Ra1 g3+ 74. Kg1 Kg4 75. Kh1 Re2 76. Kg1 h2+ 0-1

[Event "ESCC Women 65 2019"]
[Site "Halkidik"]
[Date "2019.04.07"]
[Round "2.5"]
[White "Sinchurina, Tatiana"]
[Black "Fatalibekova, Elena"]
[Result "1/2-1/2"]
[ECO "B72"]
[WhiteElo "1967"]
[BlackElo "2148"]
[Annotator "NA"]
[PlyCount "42"]
[EventDate "2019.04.06"]
[EventType "swiss"]
[EventCountry "GRE"]
[SourceTitle "playchess.com"]
[Source "ChessBase"]
[SourceQuality "1"]
[TimeControl "40/5400+30:1800+30"]

1. e4 c5 2. Nf3 Nc6 3. d4 cxd4 4. Nxd4 Nf6 5. Nc3 d6 6. Be2 g6 7. Be3 Bg7 8. h3 O-O 9. Qd2 d5 10. Nxc6 bxc6 11. e5 Ne4 12. Qd4 c5 $11 13. Qxd5 Nxc3 14. Qxd8 Rxd8 15. bxc3 Bxe5 16. O-O Bxc3 17. Rad1 Be6 18. Bxc5 Bxa2 19. Rxd8+ Rxd8 20. Bxa7 Be6 21. Rd1 Rxd1+ 1/2-1/2

[Event "ESCC Women 65 2019"]
[Site "Halkidik"]
[Date "2019.04.08"]
[Round "3.1"]
[White "Fatalibekova, Elena"]
[Black "Podlovna, Stella"]
[Result "1-0"]
[ECO "D42"]
[WhiteElo "2148"]
[BlackElo "1599"]
[Annotator "NA"]
[PlyCount "42"]
[EventDate "2019.04.06"]
[EventType "swiss"]
[EventCountry "GRE"]
[SourceTitle "playchess.com"]
[Source "ChessBase"]
[SourceQuality "1"]
[TimeControl "40/5400+30:1800+30"]

1. e4 c6 2. d4 d5 3. exd5 cxd5 4. c4 e6 5. Nc3 Nf6 6. Nf3 Be7 7. cxd5 Nxd5 8. Bd3 Nc6 9. O-O O-O 10. Re1 Re8 11. a3 h6 12. Bc2 Nf6 13. Qd3 a6 14. Bf4 b5 15. Ne4 Bb7 $18 (15... Nd5 $16 16. Nc3) 16. Nxf6+ Bxf6 17. Qh7+ Kf8 18. d5 Qxd5 19. Rad1 Nd4 20. Be4 Nxf3+ 21. Bxf3 Qd7 1-0

[Event "ESCC Women 65 2019"]
[Site "Halkidik"]
[Date "2019.04.10"]
[Round "3.4"]
[White "Khmiadashvili, Tamar"]
[Black "Sorokina, Tamara"]
[Result "1-0"]
[ECO "A02"]
[WhiteElo "1976"]
[BlackElo "2051"]
[Annotator "NA RC"]
[PlyCount "123"]
[EventDate "2019.04.06"]
[EventType "swiss"]
[EventCountry "GRE"]
[SourceTitle "playchess.com"]
[Source "ChessBase"]
[SourceQuality "1"]
[TimeControl "40/5400+30:1800+30"]

1. f4 c5 2. Nf3 Nf6 3. e3 b6 4. b3 Bb7 5. Bb2 e6 6. Bd3 d6 7. O-O Nbd7 8. Qe2 Qc7 9. Ba6 Be7 10. Bxb7 Qxb7 11. d3 d5 12. Nbd2 O-O 13. Ne5 Ne8 14. Nxd7 Qxd7 15. Nf3 f6 16. c4 Nc7 $11 17. e4 Rad8 18. Rad1 d4 19. Bc1 Rde8 20. g4 Bd8 21. Qg2 Kh8 22. e5 f5 23. h4 fxg4 24. Qxg4 Rf5 25. Nd2 Ref8 26. Ne4 Ne8 27. Ng3 R5f7 28. Rd2 g6 29. Rg2 Ng7 30. h5 gxh5 31. Nxh5 Nxh5 32. Qxh5 Rg7 33. Rff2 Rfg8 34. Kf1 Qb7 35. Rxg7 Qxg7 36. Ke2 Qg6 37. Qxg6 hxg6 38. Kf3 Kg7 39. Rh2 Rh8 40. Rxh8 Kxh8 41. b4 Kg7 42. Bd2 Kf7 43. Kg4 Kg7 44. b5 Kf7 45. Be1 g5 46. f5 Bc7 47. Bg3 Bd8 48. Bh2 Be7 49. Bg3 Bd8 50. a3 Be7 51. f6 Bd8 52. Kxg5 Bc7 53. Kf4 Bd8 54. Ke4 Bc7 55. Bf2 Bb8 56. Bxd4 cxd4 57. Kxd4 Ke8 58. Ke4 Bc7 59. d4 Kd7 60. d5 Bd8 61. a4 Bc7 62. d6 1-0

[Event "ESCC Women 65 2019"]
[Site "Halkidik"]
[Date "2019.04.09"]
[Round "4.1"]
[White "Podlovna, Stella"]
[Black "Ristoja, Aulikki"]
[Result "0-1"]
[ECO "D11"]
[WhiteElo "1599"]
[BlackElo "1551"]
[Annotator "NA"]
[PlyCount "118"]
[EventDate "2019.04.06"]
[EventType "swiss"]
[EventCountry "GRE"]
[SourceTitle "playchess.com"]
[Source "ChessBase"]
[SourceQuality "1"]
[TimeControl "40/5400+30:1800+30"]

1. d4 d5 2. e3 Nf6 3. c4 c6 4. Nf3 Bg4 5. h3 Bh5 6. Nbd2 e6 7. Bd3 Bd6 8. c5 Bc7 9. b4 b6 10. Qb3 bxc5 11. bxc5 Qc8 12. Rb1 O-O 13. Qb7 Qxb7 14. Rxb7 Rc8 15. Ba3 Nbd7 16. O-O e5 17. dxe5 Nxe5 18. Bf5 a5 19. Bxc8 Rxc8 20. Nd4 Ne4 21. N2f3 Nc4 22. Bc1 Nxc5 23. Nxc6 Bd6 24. Ne7+ Bxe7 25. Rxe7 Kf8 26. Ra7 f6 27. g4 Bf7 28. Nd2 Nd3 29. Nxc4 dxc4 30. Ba3+ Kg8 31. Rxa5 c3 32. Bc1 h5 33. gxh5 c2 34. a4 Bc4 35. Kg2 Ne5 36. Re1 Nd3 37. Rg1 Ne5 38. f4 Nd3 39. Kf3 Nc5 40. Ra7 Bd5+ 41. Kf2 Bf7 42. h6 g6 43. f5 g5 44. h4 Rd8 45. hxg5 Ne4+ 46. Kf3 Nxg5+ 47. Kg4 Rd1 48. Rg2 Rxc1 49. a5 Bb3 50. Rg7+ Kh8 51. Rd2 Rd1 52. Rxc2 Bxc2 53. a6 Rg1+ 54. Kf4 Rf1+ 55. Kg3 Rxf5 56. a7 Ra5 57. Rd7 Be4 58. Kf4 Bc6 59. Rc7 Ne6+ 0-1

[Event "ESCC Women 65 2019"]
[Site "Halkidik"]
[Date "2019.04.09"]
[Round "4.2"]
[White "Sorokina, Tamara"]
[Black "Kabanova, Irina"]
[Result "1-0"]
[ECO "D05"]
[WhiteElo "2051"]
[BlackElo "1816"]
[Annotator "NA"]
[PlyCount "105"]
[EventDate "2019.04.06"]
[EventType "swiss"]
[EventCountry "GRE"]
[SourceTitle "playchess.com"]
[Source "ChessBase"]
[SourceQuality "1"]
[TimeControl "40/5400+30:1800+30"]

1. d4 Nf6 2. Nf3 e6 3. e3 d5 4. Bd3 Be7 5. Nbd2 c5 6. c3 Nc6 7. O-O Qc7 8. dxc5 {[%emt 0:01:41] D05: Colle System with ...e6} Bxc5 9. e4 (9. b4 Be7 10. Bb2 O-O 11. a3 a6 12. c4 dxc4 13. Nxc4 b5 14. Ncd2 Bb7 15. Rc1 Rac8 {0-1 (47) Cifuentes Parada,R (2469)-Ibarra Jerez,J (2561) La Roda 2016}) 9... dxe4 10. Nxe4 Nxe4 11. Bxe4 Bd6 12. Qe2 Bd7 13. Rd1 $146 ({Predecessor:} 13. Be3 O-O-O 14. Nd4 Ne5 15. c4 f5 {1-0 (24) Ravi,T (2387)-Pradip,G (2121) Noida 2016}) 13... Rd8 14. Bc2 h6 15. h3 a6 16. Be3 Ne7 17. Bd4 Bb5 18. Bd3 Bxd3 19. Rxd3 Nf5 20. Rad1 Nxd4 21. Nxd4 O-O 22. Qe4 Qe7 23. Re1 g6 24. Nf3 Qf6 25. Red1 Bc7 26. Qxb7 Rxd3 27. Rxd3 Rd8 28. Qe4 Rxd3 29. Qxd3 Qf4 30. Qd2 $16 ({Much weaker is} 30. Qxa6 $6 Qc1+ {[%mdl 64] Double Attack} 31. Qf1 Qxb2 $11) 30... Qe4 31. Qd1 Bb6 32. b3 g5 33. a4 e5 34. b4 Qf4 35. Qd2 Qf5 36. a5 Bc7 37. Qe2 e4 38. Nd4 Qf4 39. g3 Qc1+ 40. Kg2 Qxc3 41. Qxe4 Qxb4 42. Qe8+ Qf8 43. Qc6 Qd8 44. Nf5 Be5 45. Nxh6+ Kf8 46. Qc5+ Bd6 47. Qd5 Qe7 48. Nxf7 Qxf7 49. Qxd6+ Kg7 50. Qxa6 Qd5+ 51. Kh2 Qf3 52. Qb6 g4 53. h4 1-0

[Event "ESCC Women 65 2019"]
[Site "Halkidik"]
[Date "2019.04.09"]
[Round "4.3"]
[White "Titorenko, Natalia I"]
[Black "Khmiadashvili, Tamar"]
[Result "1/2-1/2"]
[ECO "B15"]
[WhiteElo "2153"]
[BlackElo "1976"]
[Annotator "NA"]
[PlyCount "122"]
[EventDate "2019.04.06"]
[EventType "swiss"]
[EventCountry "GRE"]
[SourceTitle "playchess.com"]
[Source "ChessBase"]
[SourceQuality "1"]
[TimeControl "40/5400+30:1800+30"]

1. e4 c6 2. Nc3 d5 3. Nf3 dxe4 4. Nxe4 Nf6 5. Nxf6+ exf6 6. d4 Bd6 7. Be3 O-O 8. Bd3 $11 Re8 9. Qd2 Nd7 10. O-O Nf8 11. Nh4 Ng6 12. Nxg6 hxg6 13. Rfe1 Qc7 14. g3 Bh3 15. Bf1 Bxf1 16. Kxf1 g5 17. c3 Qd7 18. Kg2 Qf5 19. h3 Qd5+ 20. f3 Bc7 21. b3 Qd6 22. Bf2 Re6 23. Re2 g6 24. Rae1 Kg7 25. Rxe6 fxe6 26. Qe3 Re8 27. Rh1 Rh8 28. h4 gxh4 29. gxh4 Kf7 30. Qe1 Qa3 31. Qd2 Qd6 32. Qe1 Rh5 33. Bg3 Qxg3+ 34. Qxg3 Bxg3 35. Kxg3 c5 36. dxc5 Rxc5 37. c4 e5 38. h5 gxh5 39. Rxh5 Kg6 40. Rh2 Rc7 41. Kf2 a5 42. Ke3 a4 43. Rc2 axb3 44. axb3 Kf5 45. b4 Ke6 46. f4 Rh7 47. fxe5 Kxe5 48. Rf2 f5 49. b5 b6 50. Kd3 Rh3+ 51. Kd2 f4 52. Re2+ Kd4 53. Re6 Rh2+ 54. Ke1 Kxc4 55. Rxb6 Kd4 56. Re6 Rb2 57. b6 Kd5 58. Re2 Rxb6 59. Kf2 Rb3 60. Re8 Kd4 61. Re7 Kd5 1/2-1/2

[Event "ESCC Women 65 2019"]
[Site "Halkidik"]
[Date "2019.04.09"]
[Round "4.4"]
[White "Sinchurina, Tatiana"]
[Black "Burchardt, Brigitte"]
[Result "1/2-1/2"]
[ECO "B07"]
[WhiteElo "1967"]
[BlackElo "2136"]
[Annotator "NA"]
[PlyCount "51"]
[EventDate "2019.04.06"]
[EventType "swiss"]
[EventCountry "GRE"]
[SourceTitle "playchess.com"]
[Source "ChessBase"]
[SourceQuality "1"]
[TimeControl "40/5400+30:1800+30"]

1. e4 c5 2. Nf3 d6 3. d4 cxd4 4. Nxd4 Nf6 5. Bd3 Nc6 6. c3 g6 7. O-O Bg7 8. Re1 O-O 9. Nd2 {[%emt 0:08:51] B07: Pirc Defence: Miscellaneous Systems} Ng4 10. Nxc6 $146 ({Predecessor:} 10. N2f3 Qb6 11. Qe2 Nxd4 12. Nxd4 Bxd4 13. cxd4 Qxd4 14. Rd1 Qe5 15. g3 Qh5 16. h4 Be6 {0-1 (47) Ciolac,G (2430)-Impris,O St Ingbert 1991}) 10... bxc6 11. h3 Ne5 12. Nf3 Nxd3 13. Qxd3 Rb8 14. a4 Qc7 15. Ra3 Rd8 16. b4 c5 17. Bd2 Bb7 18. Qe3 Rbc8 19. b5 e6 20. c4 d5 $11 21. cxd5 exd5 22. exd5 Bxd5 23. Bc3 Bxc3 24. Qxc3 Bxf3 25. Qxf3 Re8 26. Rae3 1/2-1/2

[Event "ESCC Women 65 2019"]
[Site "Halkidik"]
[Date "2019.04.09"]
[Round "4.5"]
[White "Fatalibekova, Elena"]
[Black "Gaprindashvili, Nona"]
[Result "1-0"]
[ECO "B00"]
[WhiteElo "2148"]
[BlackElo "2294"]
[Annotator "NA"]
[PlyCount "59"]
[EventDate "2019.04.06"]
[EventType "swiss"]
[EventCountry "GRE"]
[SourceTitle "playchess.com"]
[Source "ChessBase"]
[SourceQuality "1"]
[TimeControl "40/5400+30:1800+30"]

1. e4 b6 2. d4 Bb7 3. Bd3 g6 4. Nf3 Bg7 {[%emt 0:00:06] LiveBook: 66 Games} 5. c4 (5. O-O d6 6. Re1 e6 7. Nbd2 Nd7 8. c3 Ne7 9. a4 a6 10. Nf1 O-O 11. Ng3 e5 12. h4 d5 13. exd5 exd4 {1-0 (29) Nihal,S (2576)-Adly,A (2626) St Petersburg 2018}) 5... c5 (5... e6 6. Nc3 Ne7 7. O-O d6 8. Be3 c5 9. d5 e5 10. Ne1 Nd7 11. a4 O-O 12. Nb5 Nc8 13. Qd2 a6 14. Nc3 Ne7 15. Bh6 Bc8 16. Ra3 Bxh6 17. Qxh6 {½-½ (17) Fatalibekova,E (2242)-Gaprindashvili,N (2299) Acqui Terme 2015}) 6. d5 {[%emt 0:00:23] B00: Queen's Fianchetto Defence, Nimzowitsch Defence} e5 $146 ({Predecessor:} 6... d6 7. Nc3 Nd7 8. O-O Ngf6 9. h3 Qc7 10. Qc2 O-O 11. Bg5 a6 {1-0 (61) Boehm,J (2172)-Steinle,C (2141) Senden 2014}) 7. Nc3 d6 8. O-O Nh6 9. Ng5 Bc8 10. h3 O-O 11. f4 Nd7 12. f5 Kh8 13. Qe1 Nf6 14. g4 Nfg8 15. Be3 a6 16. a4 Bd7 17. Qg3 Qe7 18. Rf2 b5 19. cxb5 axb5 20. Bxb5 ({But not} 20. Nxb5 Rfb8 $18) 20... Bxb5 $18 21. Nxb5 gxf5 22. gxf5 Rfb8 23. Rff1 Nf6 24. Qf3 Nhg8 25. Nxd6 Nh6 26. Nb5 c4 27. Qf2 Nd7 28. d6 Qf8 29. Nc7 Ra5 30. Qd2 1-0